 Dungeon Crawl Stone Soup version 0.22-a0-284-g99d1f74 (webtiles) character file.

85 b5mith the Skirmisher (level 4, -1/41 HPs)
             Began as a Minotaur Berserker on Mar 19, 2018.
             Was a Believer of Trog.
             Killed from afar by an orc wizard (4 damage)
             ... with a magic dart
             ... on level 2 of the Dungeon on Mar 22, 2018.
             The game lasted 00:05:40 (1117 turns).

b5mith the Skirmisher (Minotaur Berserker)          Turns: 1117, Time: 00:05:40

Health: -1/41      AC:  2    Str: 23    XL:     4   Next: 25%
Magic:  3/3        EV: 13    Int:  4    God:    Trog [**....]
Gold:   84         SH:  0    Dex:  9    Spells: 3/3 levels left

rFire    . . .     SeeInvis .   a - +0 falchion
rCold    . . .     Gourm    .   (no shield)
rNeg     . . .     Faith    .   b - +0 animal skin
rPois    .         Spirit   .   (helmet restricted)
rElec    .         Reflect  .   (no cloak)
rCorr    .         Harm     .   (no gloves)
MR       .....                  (no boots)
Stlth    +.........             (no amulet)
HPRegen  0.13/turn              (no ring)
MPRegen  0.08/turn              (no ring)

@: berserk cooldown, slowed, very slow
A: retaliatory headbutt, horns 2
a: Berserk, Trog's Hand, Renounce Religion


You were on level 2 of the Dungeon.
You worshipped Trog.
Trog was pleased with you.
You were hungry.

You visited 1 branch of the dungeon, and saw 2 of its levels.

You collected 84 gold pieces.

Inventory:

Hand Weapons
 a - a +0 falchion (weapon)
Armour
 b - a +0 animal skin (worn)
Scrolls
 e - a scroll of noise {unknown}
 f - a scroll of identify {unknown}
 g - a scroll of remove curse {@r2}
Comestibles
 c - 4 rations


   Skills:
 + Level 4.4 Fighting
 + Level 4.3 Long Blades
 + Level 3.4 Armour
 + Level 3.1 Dodging


You had 3 spell levels left.
You didn't know any spells.

Dungeon Overview and Level Annotations

Branches:
Dungeon (2/15)

Altars:


Innate Abilities, Weirdness & Mutations

You reflexively headbutt those who attack you in melee.
You have a pair of horns on your head.


Message History

The hobgoblin closely misses you.
The orc priest calls down the wrath of Beogh upon you.
Beogh smites you!
* * * LOW HITPOINT WARNING * * *
You feel a strong urge to attack something.
The orc priest looks encouraged for a moment.
You feel your anger nearly subside.
You are no longer berserk.
You pass out from exhaustion.
You feel yourself slow down.
The orc priest looks encouraged for a moment.
The orc throws a tomahawk.
The tomahawk barely misses you.
You can move again.
You see here a tomahawk.
As you read the scroll labeled MAZARINUM, it crumbles to dust.
You feel blessed for a moment.
It was a scroll of remove curse.
You hear some strange, mumbled words.
A magic dart appears from out of thin air!
The magic dart hits you!
You die...

#. #†###...#... #.
#.o#...#..# .. #.
##.%%.#...#
#..##.###.......#
#....#oo...#..##.
##..#.....###. .#
##g.#.....###.. # #### #
.####(.##...#..##.# . ...
.#.##.@o.......#.##.##† .
..#...............#.##....
#.#
#.##..##................#.
#...#.##.#
#.#.......#......#.
#......###...##..#.#....##..
####........###..#.#..#.##.#
#...<.†.....#...##.........#
#..............# ##..#......
#..........#...####.##......


You could see an orc warrior, an orc priest, an orc and a hobgoblin.

Vanquished Creatures
  2 adders (D:2)
  3 worms (D:2)
  3 dart slugs (D:1)
  A leopard gecko (D:1)
  4 giant cockroaches
  9 hobgoblins
  A quokka (D:2)
  5 bats (D:1)
  4 frilled lizards
  4 goblins
  7 kobolds
  7 rats
50 creatures vanquished.

Notes
Turn   | Place    | Note
-------+----------+-------------------------------------------
     0 | D:1      | b5mith the Minotaur Berserker began the quest for the Orb.
     0 | D:1      | Reached XP level 1. HP: 19/19 MP: 0/0
    13 | D:1      | Upgraded the game from 0.22-a0-283-g1871b15 to 0.22-a0-284-g99d1f74
    60 | D:1      | Reached XP level 2. HP: 27/27 MP: 1/1
   316 | D:1      | Reached ** piety under Trog
   316 | D:1      | Reached XP level 3. HP: 26/33 MP: 2/2
  1084 | D:2      | Reached XP level 4. HP: 34/41 MP: 3/3
  1097 | D:2      | Noticed an orc warrior
  1109 | D:2      | HP: 2/61 [orc priest/divine providence (14)]
  1117 | D:2      | Killed from afar by an orc wizard

Vault maps used:
D:1:      saegor_arrival_simple_c, serial_bayou_pond_b
D:2:      nicolae_overflow_crystal_walls, first_ration

Skill      XL: |  1  2  3 |
---------------+----------+-----
Fighting       | 4 |  4.4
Long Blades    | 4 |  4.3
Armour         | 3 |  3.4
Dodging        | 3 |  3.1

Action                   |  1- 3 |  4- 6 || total
-------------------------+-------+-------++-------
Melee: Falchion          |    96 |    11 ||   107
       Headbutt          |    13 |     3 ||    16
Invok: Berserk           |       |     1 ||     1
  Use: Scroll            |       |     1 ||     1
 Stab: Distracted        |     1 |       ||     1
  Eat: Chunk             |     1 |       ||     1
Armor: Animal skin       |    16 |     3 ||    19
Dodge: Dodged            |    54 |     7 ||    61
       Rpst.: Falchion   |    13 |       ||    13

Table legend:
 A = Spawn XP
 B = Non-spawn XP
 C = Spawn XP percentage of total XP
 D = Spawn monster count
 E = Non-spawn monster count
 F = Spawn count percentage of total count
 G = Total turns spent on level
                    A         B        C        D         E        F      G
               +---------+---------+-------+---------+---------+-------+---------
         Total |       0 |     122 |   0.0 |       0 |      50 |   0.0 |  1117
               +---------+---------+-------+---------+---------+-------+---------
           D:1 |       0 |      63 |   0.0 |       0 |      34 |   0.0 |   776
           D:2 |       0 |      59 |   0.0 |       0 |      16 |   0.0 |   341
               +---------+---------+-------+---------+---------+-------+---------
